 Dungeon Crawl Stone Soup version 0.30.0 (webtiles) character file.

Game seed: 5842582463772116950

953 alexhoolio the Trooper (level 8, -5/61 HPs)
             Began as a Djinni Ice Elementalist on May 29, 2023.
             Killed from afar by Dowan (13 damage)
             ... with a stone arrow
             ... on level 5 of the Dungeon.
             The game lasted 00:37:25 (4949 turns).

alexhoolio the Trooper (Djinni Ice Elementalist)    Turns: 4949, Time: 00:37:27

Health: -5/61      AC: 11    Str:  9    XL:     8   Next: 36%
Gold:   8          EV: 19    Int: 18    God:
                   SH:  0    Dex: 13

rFire   + + +        l - +2 dagger (antimagic)
rCold   x . .        (no shield)
rNeg    . . .        p - +2 robe {rF+}
rPois   ∞            f - +0 helmet
rElec   .            i - scarf {shadows}
rCorr   .            (no gloves)
SInv    .            (boots unavailable)
Will    .....        (no amulet)
Stlth   ++           j - +5 ring of evasion
HPRegen 0.30/turn    (no ring)
MPRegen 0.00/turn

%: infuse magic (-6 HP)
@: ice-armoured, flying
A: sickness immunity, fire resistance 2, cold vulnerability 1, float, innate
caster, HP casting, extra vitality 1
a: no special abilities


You were on level 5 of the Dungeon.
You visited 1 branch of the dungeon, and saw 5 of its levels.

You collected 128 gold pieces.
You spent 120 gold pieces at shops.

Inventory:

Hand Weapons
 l - a +2 antimagic dagger (weapon)
 m - a +0 sling
 y - a +4 dagger of venom
Missiles
 e - 42 stones
 t - 2 silver javelins
Armour
 f - a +0 helmet (worn)
 i - a scarf of shadows (worn)
 p - a +2 robe of fire resistance (worn)
Jewellery
 j - a +5 ring of evasion (left hand)
Wands
 x - a wand of polymorph (8)
 C - a wand of charming (10)
Scrolls
 a - a scroll of immolation {unknown}
 d - 2 scrolls of identify {unknown}
 h - 4 scrolls of teleportation {unknown}
 k - a scroll of blinking {unknown}
 o - a scroll of vulnerability {unknown}
 r - 2 scrolls of butterflies {unknown}
 w - 3 scrolls of fog {unknown}
 z - a scroll of enchant weapon {unknown}
 B - a scroll of torment {unknown}
Potions
 b - a potion of flight {unknown}
 c - a potion of ambrosia {unknown}
 g - a potion of berserk rage {unknown}
 n - 3 potions of degeneration {unknown}
 q - a potion of heal wounds {unknown}
 s - 3 potions of haste
 u - a potion of resistance
 v - 2 potions of curing {unknown}
 A - a potion of lignification {unknown}
 D - a potion of cancellation {unknown}


   Skills:
 * Level 5.9 Fighting
 + Level 5.1 Dodging
 - Level 1.5 Stealth
 + Level 4.6 Spellcasting
 + Level 2.6 Evocations


You knew the following spells:

 Your Spells              Type           Power      Damage    Failure   Level
a - Freeze                Ice            80%        1d9       1%          1
b - Frozen Ramparts       Ice            40%        1d7       6%          3
c - Ozocubu's Armour      Ice            20%        N/A       6%          3
d - Summon Ice Beast      Ice/Summ       20%        N/A       21%         4
e - Sting                 Tmut/Pois      80%        1d7       1%          1
f - Passwall              Tmut/Erth      16%        N/A       3%          2
g - Searing Ray           Conj           40%        2d5       3%          2
Your spell library was empty.

Dungeon Overview and Level Annotations

Branches:
Dungeon (5/15)
 Temple: D:4-7

Altars:
Hepliaklqana
Zin

Shops:
D:4 *

Annotations:
D:2 Terence
D:5 Dowan


Innate Abilities, Weirdness & Mutations

You are immune to sickness and miasma.
You are immune to poison.
Your flesh is very heat resistant. (rF++)
You are vulnerable to cold. (rC-)
You float through the air rather than walking.
You learn spells naturally, not from books.
Your magical power is your life essence.
You have superior vitality. (+4 MHP)


Message History

* * * LOW HITPOINT WARNING * * *
Dowan hits you but does no damage.
You hit Dowan.
Dowan's magic leaks into the air.
Dowan is heavily wounded.
Dowan barely misses you.
Dowan hits you with a +2 dagger of speed.
* * * LOW HITPOINT WARNING * * *
Press: ? - help, v - describe, . - travel
Here: Dowan, wielding a +2 dagger of speed and wearing a +0 robe (heavily wounded, fast, magic disrupted)
The floor.
Okay, then.
Okay, then.
Sorry, you're not good enough to have a special ability.
Casting: Searing Ray (safe; 3% risk of failure)
Confirm with . or Enter, or press ? or * to list all spells.
A film of ice covers your body!
* * * LOW HITPOINT WARNING * * *
Dowan's magic is no longer disrupted.
Dowan gestures wildly while chanting.
Dowan blinks!
Casting: Ozocubu's Armour (dangerous; 6% risk of failure)
Confirm with . or Enter, or press ? or * to list all spells.
Aiming: Searing Ray (safe; 3% risk of failure)
Press: ? - help, Shift-Dir - straight line, f - Dowan
Aim: Dowan, wielding a +2 dagger of speed and wearing a +0 robe (heavily wounded, fast, 69% to hit)
The searing ray hits Dowan.
Dowan is heavily wounded. (Press . to maintain the ray.)
* * * LOW HITPOINT WARNING * * *
Dowan casts a spell.
Dowan blinks!
Your icy armour cracks and falls away as you move.
Dowan shakes with grief.
Casting: Searing Ray (safe; 3% risk of failure)
Confirm with . or Enter, or press ? or * to list all spells.
A film of ice covers your body!
* * * LOW HITPOINT WARNING * * *
Dowan gestures at you while chanting. The stone arrow hits you!
You die...

#.§.?#
##..###.......##
# ....#
###.......####
#....# ##....###
#...# ##.###
...# #..# ..#
##.## .##
#e.####.. ##
##........ #
##@.###.... ###
#..## ... ..##
##.## . †..###
##.## e..e.###
##..#
...#...#####..##
....##....##.##
....####....##
.....# ##..##


You could see Dowan (fast).

Vanquished Creatures
  A water moccasin (D:5)
  Duvessa (D:5)
  An ice beast (D:5)
  2 black bears
  5 hounds
  2 iguanas (D:5)
  Ijyb (D:3)
  Natasha (twice) (D:2)
  Robin (D:2)
  3 gnolls (D:2)
  4 adders
  5 worms
  2 dart slugs (D:2)
  4 ball pythons
  6 bats
  5 endoplasms
  6 giant cockroaches
  17 goblins
  8 hobgoblins
  5 kobolds
  3 quokkas
  6 frilled lizards
  7 rats
97 creatures vanquished.

Notes
Turn   | Place    | Note
-------+----------+-------------------------------------------
     0 | D:1      | alexhoolio the Djinni Ice Elementalist began the quest for
                  | the Orb.
     0 | D:1      | alexhoolio set off with the following spells memorised:
                  | Freeze, Frozen Ramparts, Ozocubu's Armour, Summon Ice
                  | Beast.
     0 | D:1      | Reached XP level 1. HP: 15/15 MP: 0/0
   160 | D:1      | Reached XP level 2. HP: 15/22 MP: 0/0
   164 | D:1      | Reached skill level 1 in Fighting
   828 | D:2      | Noticed Terence
   940 | D:2      | Reached XP level 3. HP: 20/27 MP: 0/0
   940 | D:2      | Learned a level 1 spell: Sting
  1238 | D:2      | Noticed Natasha
  1277 | D:2      | Killed Natasha
  1278 | D:2      | Reached XP level 4. HP: 3/34 MP: 0/0
  1600 | D:2      | Reached XP level 5. HP: 25/40 MP: 0/0
  1600 | D:2      | Learned a level 2 spell: Passwall
  1740 | D:2      | Noticed Robin
  1779 | D:2      | Killed Robin
  1982 | D:2      | Noticed Natasha
  2001 | D:2      | Killed Natasha
  2565 | D:3      | Reached XP level 6. HP: 46/46 MP: 0/0
  2617 | D:3      | Found a faded altar of an unknown god.
  2780 | D:3      | Noticed Ijyb
  2810 | D:3      | Killed Ijyb
  2931 | D:4      | Found a glowing silver altar of Zin.
  3171 | D:4      | Noticed an ogre
  3697 | D:4      | Noticed a black bear
  3715 | D:4      | Killed a black bear
  3716 | D:4      | Reached skill level 1 in Evocations
  3716 | D:4      | Reached XP level 7. HP: 39/53 MP: 0/0
  3716 | D:4      | Learned a level 2 spell: Searing Ray
  4132 | D:4      | Found Binu's General Store.
  4136 | D:4      | Bought a potion of haste for 120 gold pieces
  4223 | D:4      | Found a hazy altar of Hepliaklqana.
  4252 | D:5      | Entered Level 5 of the Dungeon
  4270 | D:5      | Reached skill level 5 in Fighting
  4445 | D:5      | Noticed a water moccasin
  4460 | D:5      | Killed a water moccasin
  4540 | D:5      | Noticed Duvessa
  4573 | D:5      | Killed Duvessa
  4574 | D:5      | Reached XP level 8. HP: 50/60 MP: 0/0
  4589 | D:5      | Noticed Dowan
  4768 | D:5      | Reached skill level 5 in Dodging
  4949 | D:5      | Killed from afar by Dowan

Illustrated notes

Levels and vault maps discovered:
D:1:      arrival_zaba_pyramid, layout_loops_ring, minmay_tromino_i2
D:2:      layout_basic, uniq_natasha, uniq_terence, uniq_robin
D:3:      layout_basic, mainiacjoe_overflow_catwalk,
          ebering_ecumenical_altar_hall, dreamdust_princess_bridge, uniq_ijyb
D:4:      black_bear_nest_2, layout_loops_corners, zin_treasury,
          worldfamousw_hep_ancestral_shrine, serial_shops, shop
D:5:      layout_cave_pods, chequers_serial_rivers_small_a, minmay_statues_item,
          uniq_duvessa

Skill      XL: |  1  2  3  4  5  6  7  8 |
---------------+-------------------------+-----
Fighting       | 1 2 3 4 5 |  5.9
Dodging        | 3 4 5 |  5.1
Spellcasting   | 4 |  4.6
Evocations     | 1 2 |  2.6
Stealth        | |  1.5

Action                     |  1- 3 |  4- 6 |  7- 9 || total
---------------------------+-------+-------+-------++-------
  Melee: Dagger            |    24 |   116 |    81 ||   221
         Punch             |       |     2 |       ||     2
         Unarmed           |       |     4 |       ||     4
   Cast: Freeze            |    29 |    20 |       ||    49
         Sting             |    20 |    46 |     5 ||    71
         Searing Ray       |       |       |    15 ||    15
         Ozocubu's Armour  |       |       |     2 ||     2
   Stab: Sleeping          |     2 |     6 |       ||     8
 Armour: Leather armour    |     8 |     1 |       ||     9
         Robe              |       |    21 |    15 ||    36
         Skin              |       |    14 |       ||    14
  Dodge: Dodged            |    45 |   117 |    83 ||   245
